 Dungeon Crawl Stone Soup version 0.31-a0-532-g28f74ba3e5 (webtiles) character file.

Game seed: 16858043897289838866

38680 sampeng1 the Cleaver (level 13, -4/122 HPs)
             Began as a Minotaur Berserker on Aug 6, 2023.
             Was the Champion of Trog.
             Slain by a six-headed hydra (7 damage)
             ... on level 5 of the Lair of Beasts on Aug 12, 2023.
             The game lasted 00:50:54 (15062 turns).

sampeng1 the Cleaver (Minotaur Berserker)          Turns: 15062, Time: 00:50:55

Health: -4/122     AC: 31    Str: 26    XL:     13   Next: 65%
Magic:  0/12       EV: 12    Int:  4    God:    Trog [******]
Gold:   858        SH:  5    Dex: 11    Spells: 12/12 levels left

rFire   . . .        K - +6 broad axe (flame)
rCold   . . .        (no shield)
rNeg    . . .        y - +3 plate armour
rPois   +            M - +2 hat of Watchfulness {rPois rCorr SInv}
rElec   .            s - +2 cloak
rCorr   +            w - +2 pair of gloves {infuse}
SInv    +            a - +2 pair of boots
Will    +....        q - amulet of reflection Stlth
                     T - ring of poison resistance
HPRegen 0.40/turn    N - ring of willpower
MPRegen 0.13/turn

%: reflection
@: on berserk cooldown, slowed, studying Dodging, very slow
A: horns 2, retaliatory headbutt
a: Renounce Religion, Berserk, Trog's Hand, Brothers in Arms


You were on level 5 of the Lair of Beasts.
You worshipped Trog.
Trog was exalted by your worship.
You visited 2 branches of the dungeon, and saw 16 of its levels.
You also visited: Ossuary and Bailey.

You collected 1245 gold pieces.
You spent 387 gold pieces at shops.

Inventory:

Hand Weapons
 J - a +8 vampiric battleaxe
 K - a +6 broad axe of flaming (weapon)
Missiles
 x - 2 throwing nets
 B - 18 poisoned darts (quivered)
 D - 4 atropa-tipped darts
Armour
 a - a +2 pair of boots (worn)
 i - a +0 buckler
 p - +0 acid dragon scales
 s - a +2 cloak (worn)
 w - a +2 pair of gloves of infusion (worn)
 y - a +3 plate armour (worn)
 M - the +2 hat of Watchfulness (worn) {rPois rCorr SInv}
   (You acquired it on level 1 of the Lair of Beasts)

   rPois:     It protects you from poison SInv: It lets you see invisible.
   rCorr:     It protects you from acid and corrosion.
Jewellery
 q - an amulet of reflection (around neck)
 t - an amulet of guardian spirit
 C - a ring of magical power
 F - a ring of protection from fire
 H - an amulet of the acrobat
 N - a ring of willpower (right hand)
 P - a ring of fire
 S - a ring of willpower
 T - a ring of poison resistance (left hand)
 W - a ring of see invisible
 X - a +5 ring of evasion
 Y - a ring of magical power
Wands
 b - a wand of flame (22)
 o - a wand of roots (7)
 I - a wand of mindburst (19)
 L - a wand of digging (5)
 O - a wand of acid (5)
Scrolls
 c - 5 scrolls of teleportation
 d - 2 scrolls of fear
 e - 3 scrolls of immolation
 f - 4 scrolls of butterflies
 n - 2 scrolls of revelation
 r - 2 scrolls of blinking
 E - 4 scrolls of torment
 Q - 2 scrolls of silence {unknown}
 R - 2 scrolls of identify
 U - 2 scrolls of fog {unknown}
 V - a scroll of poison
Potions
 g - 10 potions of brilliance
 h - 7 potions of might
 j - 4 potions of attraction
 k - 7 potions of curing
 l - 6 potions of heal wounds
 m - 6 potions of haste
 u - a potion of magic
 v - 2 potions of resistance
 z - a potion of cancellation {unknown}
 A - 3 potions of mutation {unknown}
 G - 3 potions of ambrosia {unknown}


   Skills:
 + Level 13.3 Fighting
 + Level 13.3 Axes
 + Level 13.1 Armour
 + Level 12.8 Dodging
 + Level 12.5 Shields


You had 12 spell levels left.
You didn't know any spells.
Your spell library was empty.

Dungeon Overview and Level Annotations

Branches:
Dungeon (11/15)            Temple (0/1) D:7            Lair (5/5) D:11
  Swamp (0/4) Lair:2       Spider (0/4) Lair:3        Slime (0/5) Lair:4
    Orc (0/2) D:11        Ossuary (visited)          Bailey (visited)

Altars:
Ashenzari
Cheibriados
Kikubaaqudgha
Makhleb
Ru
Trog
The Shining One
Jiyva

Shops:
D:5 ?   D:6 *([*=   D:7 [*   D:8 [


Innate Abilities, Weirdness & Mutations

You have a pair of horns on your head.
You reflexively headbutt those who attack you in melee.


Message History

You feel the dreadful sensation subside.
Your +6 broad axe of flaming bursts into flame!
K - a +6 broad axe of flaming (weapon)
The hell hound bites you but does no damage.
The wyvern completely misses you. You furiously retaliate!
You headbutt the wyvern.
The blink frog blinks!
The skyshark bites you!
* * * LOW HITPOINT WARNING * * *
The skyshark tastes blood and grows stronger!
The skyshark closely misses you. You block the skyshark's attack.
The dream sheep bites you but does no damage.
The seven-headed hydra closely misses you.
You furiously retaliate!
You headbutt the seven-headed hydra, but do no damage.
The seven-headed hydra bites you but does no damage. x3
The seven-headed hydra barely misses you.
The seven-headed hydra bites you but does no damage. x2
The dream sheep are wreathed in dream dust.
You feel drowsy...
You fall asleep.
The blink frog blinks!
The catoblepas gores you!
You wake up.
* * * LOW HITPOINT WARNING * * *
The dream sheep bites the fungus!
The fungus begins to die.
You slice one of the seven-headed hydra's heads off!
The flame cauterises the wound!
You slice the six-headed hydra!! You burn the six-headed hydra!
You headbutt the six-headed hydra!
The six-headed hydra is almost dead.
The helpless hell hound fails to defend itself.
You slash the hell hound! You slash the skyshark! You burn the skyshark.
You completely miss the catoblepas. You hit the dream sheep.
You burn the dream sheep. You slash the wyvern! You burn the wyvern.
You hit the hell hound.
The helpless wolf fails to defend itself.
You slice the wolf!! You burn the wolf. The hell hound barely misses you.
The wyvern barely misses you. You furiously retaliate!
You headbutt the wyvern!
You kill the wyvern!
Trog accepts your kill.
The hell hound bites you but does no damage.
The skyshark closely misses you.
The skyshark tail-slaps you but does no damage. x2
The six-headed hydra bites you!
You die...

#........# ##.
##.......P# #.#
#.........# ##.
##........# ##
# ##.......##
#. #.#
#......... #.[
.#.PY#Y.hh.....
#..


...YhYYhhhh.... .... ..rYhYY@hhh.... ..... ...YYYDFlFhr... .#### ...rYYhhhhh...P
....YFlhhhhh.P# ...Yr..hhFhF.## ..Y.........h# ............#.. ......P^..P#...
You could see a catoblepas, a skyshark (strong), a six-headed hydra, 4
elephants, 3 polar bears, a cane toad, 4 blink frogs, a warg, 10 hell hounds, 5
black bears, a wyvern, 7 wolves, 11 dream sheep and 4 hell rats.

Vanquished Creatures
  The ghost of bahustanut the Warrior, a journeyman OgFi of Okawaru (Lair:3)
  Harold (D:10)
  A hydra (Lair:3)
  Erica (D:11)
  2 centaur warriors
  2 catoblepae
  The ghost of CraigForest the Brawler, a novice TrSh of Qazlal (D:9)
  3 two-headed ogres
  3 death yaks (Lair:4)
  A skyshark (Lair:3)
  The ghost of avis the Spry, a novice FeSh of Gozag (Lair:1)
  A wizard (D:10)
  A lindwurm (Lair:3)
  4 ugly things
  A manticore (D:10)
  A gargoyle (D:11)
  7 cane toads
  2 unseen horrors (D:10)
  2 rime drakes
  9 komodo dragons
  6 trolls
  A hornet (D:10)
  13 blink frogs
  Sigmund (D:6)
  5 dream sheep
  2 wraiths (D:10)
  4 culicivoras (Lair:3)
  32 yaks
  6 wyverns
  2 basilisks
  A steam dragon (Lair:1)
  2 vampire mosquitoes (D:11)
  A warg (Lair:5)
  A swamp worm (Lair:2)
  2 acid dragons
  16 water moccasins
  11 orc warriors
  An ice beast (D:6)
  2 black bears
  A sky beast (D:6)
  2 ogres
  4 centaurs
  9 wolves
  2 phantoms
  A kobold brigand (D:9)
  3 gnoll sergeants
  11 bullfrogs
  14 scorpions
  5 wights (D:8)
  6 killer bees (D:8)
  2 howler monkeys (D:9)
  An electric eel (Lair:2)
  3 centaur zombies (Ossuary)
  2 human zombies (Ossuary)
  3 jellies
  5 orc priests
  4 hounds
  2 iguanas
  8 orc wizards
  5 scorpion zombies (Ossuary)
  3 mummies (Ossuary)
  16 gnolls
  11 adders
  3 white imps
  An ufetubus (D:5)
  2 worms
  A dart slug (D:1)
  57 orcs
  4 bats
  6 endoplasms
  A giant cockroach (D:1)
  7 goblins
  9 hobgoblins
  4 jackals
  5 quokkas
  4 ball pythons
  A frilled lizard (D:1)
  2 gnoll zombies (Ossuary)
  4 goblin zombies (Ossuary)
  A hobgoblin zombie (Ossuary)
  12 kobolds
  A kobold zombie (Ossuary)
  An orc zombie (Ossuary)
  6 rats
409 creatures vanquished.

Vanquished Creatures (others)
  A hell hound (Lair:5)
1 creature vanquished.

Grand Total: 410 creatures vanquished

Notes
Turn   | Place    | Note
-------+----------+-------------------------------------------
     0 | D:1      | sampeng1 the Minotaur Berserker began the quest for the
                  | Orb.
     0 | D:1      | Reached XP level 1. HP: 19/19 MP: 0/0
   135 | D:1      | Reached XP level 2. HP: 27/27 MP: 1/1
   844 | D:2      | Reached XP level 3. HP: 33/33 MP: 2/2
   882 | D:2      | Found a faded altar of an unknown god.
  1053 | D:2      | Reached ** piety under Trog
  1060 | D:2      | Reached XP level 4. HP: 22/40 MP: 3/3
  1722 | D:3      | Reached XP level 5. HP: 47/47 MP: 4/4
  1727 | D:3      | Reached skill level 1 in Shields
  1829 | D:3      | Upgraded the game from 0.31-a0-473-g61b50ae490 to
                  | 0.31-a0-523-g071a6c1ffa
  2044 | D:4      | Noticed a phantom
  2056 | D:4      | Killed a phantom
  2057 | D:4      | Reached skill level 5 in Fighting
  2057 | D:4      | Reached XP level 6. HP: 38/56 MP: 5/5
  2143 | D:4      | Reached skill level 5 in Axes
  2506 | D:4      | Found a sand-covered staircase.
  2532 | D:4      | Reached XP level 7. HP: 56/61 MP: 6/6
  2627 | Ossuary  | Entered an ossuary
  2643 | Ossuary  | Reached *** piety under Trog
  2671 | Ossuary  | Reached skill level 5 in Armour
  2818 | Ossuary  | Reached skill level 5 in Dodging
  2986 | Ossuary  | Reached XP level 8. HP: 70/70 MP: 7/7
  3150 | Ossuary  | Reached skill level 5 in Shields
  3388 | D:5      | Entered Level 5 of the Dungeon
  3466 | D:5      | Found Kolly's Magic Scroll Boutique.
  3564 | D:5      | Identified the +4 ring mail of Xafukia {Will++ Dex+2}
  3860 | D:6      | Found Otoikhis's Armour Shop.
  3868 | D:6      | Bought a +0 cloak for 58 gold pieces
  3893 | D:6      | Found Kaowaid's Jewellery Shop.
  3943 | D:6      | Noticed Sigmund
  3948 | D:6      | Killed Sigmund
  3949 | D:6      | Reached XP level 9. HP: 79/79 MP: 8/8
  3969 | D:6      | Reached **** piety under Trog
  3988 | D:6      | Found Zufil's Weapon Emporium.
  4042 | D:6      | Found Zierr's General Store.
  4070 | D:6      | Found Beciel's General Store.
  4078 | D:6      | Bought a scroll of enchant armour for 75 gold pieces
  4269 | D:6      | Found a broken altar of Ashenzari.
  4667 | D:6      | Bought a scroll of enchant armour for 82 gold pieces
  4853 | D:7      | Found Ywemuodgh's Antique Armour Shoppe.
  4857 | D:7      | Bought a pair of runed gloves for 172 gold pieces
  4884 | D:7      | Found Maif's CLEARANCE SALE!.
  5203 | D:7      | Found a bloodstained altar of Trog.
  5295 | D:7      | You fall into a shaft and drop 2 floors!
  5301 | D:9      | Found a flagged portal.
  5319 | Bailey   | Entered a bailey
  5679 | Bailey   | Reached ***** piety under Trog
  5852 | D:9      | Reached XP level 10. HP: 84/90 MP: 1/9
  6264 | D:7      | Found a staircase to the Ecumenical Temple.
  6644 | D:8      | Noticed a centaur warrior
  6650 | D:8      | Noticed a cyan ugly thing
  6653 | D:8      | Killed a centaur warrior
  6663 | D:8      | Killed a cyan ugly thing
  6927 | D:8      | Found a snail-covered altar of Cheibriados.
  6984 | D:8      | Found a glowing golden altar of the Shining One.
  7024 | D:8      | Found Ykawed's Antique Armour Shoppe.
  7259 | D:8      | Found a burning altar of Makhleb.
  7277 | D:8      | Found a sacrificial altar of Ru.
  7602 | D:9      | Found a runed translucent door.
  7602 | D:9      | Noticed CraigForest's ghost (novice TrSh)
  7618 | D:9      | Killed CraigForest's ghost
  7619 | D:9      | Reached skill level 10 in Fighting
  7619 | D:9      | Reached skill level 10 in Axes
  7619 | D:9      | Reached XP level 11. HP: 70/99 MP: 3/10
  7937 | D:10     | Entered Level 10 of the Dungeon
  8030 | D:10     | Found a large runed translucent door.
  8030 | D:10     | Found a large runed translucent door.
  8032 | D:10     | Noticed a cyan ugly thing
  8032 | D:10     | Noticed a wizard
  8037 | D:10     | Killed a wizard
  8038 | D:10     | Found a large runed translucent door.
  8038 | D:10     | Found a large runed translucent door.
  8041 | D:10     | Killed a cyan ugly thing
  8042 | D:10     | Reached skill level 10 in Armour
  8201 | D:10     | Noticed a centaur warrior
  8213 | D:10     | Killed a centaur warrior
  8402 | D:10     | Received a gift from Trog
  8520 | D:10     | Found an ancient bone altar of Kikubaaqudgha.
  8607 | D:10     | Noticed a two-headed ogre
  8612 | D:10     | Killed a two-headed ogre
  8718 | D:10     | Noticed a red ugly thing
  8724 | D:10     | Killed a red ugly thing
  8725 | D:10     | Reached skill level 10 in Shields
  8878 | D:10     | Noticed Harold
  8889 | D:10     | Killed Harold
  9221 | D:11     | Reached skill level 10 in Dodging
  9225 | D:11     | Reached XP level 12. HP: 110/110 MP: 0/11
  9235 | D:11     | Found a staircase to the Lair.
  9370 | D:11     | Noticed a two-headed ogre
  9377 | D:11     | Killed a two-headed ogre
  9525 | D:11     | Noticed Erica
  9536 | D:11     | Killed Erica
  9679 | D:11     | Found a staircase to the Orcish Mines.
  9700 | D:11     | Noticed a two-headed ogre
  9706 | D:11     | Killed a two-headed ogre
 10114 | Lair:1   | Entered Level 1 of the Lair of Beasts
 10394 | Lair:1   | Found a large runed translucent door.
 10395 | Lair:1   | Found a large runed translucent door.
 10402 | Lair:1   | Noticed avis's ghost (novice FeSh)
 10424 | Lair:1   | Killed avis's ghost
 11307 | Lair:1   | Identified a scroll of acquirement
 11307 | Lair:1   | Acquired the +2 hat of Watchfulness {rPois rCorr SInv}
 11973 | Lair:2   | Acquired a manual of Dodging
 11991 | Lair:2   | Found a staircase to the Swamp.
 11999 | Lair:2   | Upgraded the game from 0.31-a0-523-g071a6c1ffa to
                  | 0.31-a0-532-g28f74ba3e5
 12107 | Lair:2   | Reached XP level 13. HP: 119/119 MP: 1/12
 12781 | Lair:3   | Found a runed translucent gate.
 12781 | Lair:3   | Found a runed translucent gate.
 12781 | Lair:3   | Found a runed translucent gate.
 12783 | Lair:3   | Noticed bahustanut's ghost (journeyman OgFi)
 12837 | Lair:3   | Killed bahustanut's ghost
 13075 | Lair:3   | Found a hole to the Spider Nest.
 14108 | Lair:4   | Reached ****** piety under Trog
 14271 | Lair:4   | Found a staircase to the Slime Pits.
 14271 | Lair:4   | Found a viscous altar of Jiyva.
 14960 | Lair:5   | Entered Level 5 of the Lair of Beasts
 15061 | Lair:5   | HP: 2/122 [catoblepas (12)]
 15062 | Lair:5   | Slain by a six-headed hydra

Illustrated notes

Levels and vault maps discovered:
D:1:      dpeg_arrival_concentric_ovals, layout_basic
D:2:      layout_basic, ebering_ecumenical_altar_abandoned,
          kennysheep_generic_room_9
D:3:      layout_rooms
D:4:      layout_layer_cave, nicolae_ossuary_entry_false_entrances
D:5:      layout_rooms, serial_shops, shop, st_stairs_12
D:6:      layout_loops_ring, mainiacjoe_overflow_small_starburst, serial_shops,
          nicolae_shop_bloodbath_and_beyond, nicolae_shop_gaudy_bauble, shop,
          shop, shop, uniq_sigmund
D:7:      layout_basic, mainiacjoe_overflow_alcove_1, minmay_temple_entry_fiery,
          serial_shops, shop, dk_vineyard_3, hangedman_abyss_or_decor_slice,
          serial_park_tiny_2, nicolae_shop_clearance
D:8:      layout_basic, nicolae_overflow_quartered_altars, serial_shops, shop
D:9:      layout_roguey, hellmonk_ghost_happy_afterlife, enter_bailey_5
D:10:     layout_rooms, mainiacjoe_overflow_alcove_2, chequers_garden,
          minmay_hollow_rounded_squares, uniq_harold
D:11:     layout_roguey, grunt_lair_entry_orc_guard_hut, orc_0_dummy, uniq_erica
Lair:1:   layout_regular_city, ebering_ghost_disaster_area, evilmike_ambush
          [evilmike_ambush_outer_corners, evilmike_ambush_inner_cross],
          infiniplex_staircase_pool_2
Lair:2:   layout_loops_ring, minmay_swamp_entry_worms, minmay_hedge_maze,
          st_stairs_8, serial_bayou_shore_a, infiniplex_staircase_pool
Lair:3:   layout_concentric_octagons, hellmonk_spider_entry_life_and_decay,
          gammafunk_ghost_split, serial_bayou_lake_a
Lair:4:   layout_hall_layers, slime_entry_1, minivault_25
Lair:5:   hangedman_lair_caniforms_friends, layout_big_grid, wormcave

Skill      XL: |  1  2  3  4  5  6  7  8  9 10 11 12 13 |
---------------+----------------------------------------+-----
Armour         | 3 4 5 6 8 9 10 12 13 | 13.1
Fighting       | 4 5 6 7 8 10 11 12 13 | 13.3
Axes           | 4 5 6 7 8 10 11 12 13 | 13.3
Dodging        | 3 4 5 6 7 8 10 11 12 | 12.8
Shields        | 2 4 5 7 8 10 11 12 | 12.5

Action                     |  1- 3 |  4- 6 |  7- 9 | 10-12 | 13-15 || total
---------------------------+-------+-------+-------+-------+-------++-------
  Melee: Hand axe          |    80 |    42 |       |       |       ||   122
         Headbutt          |     7 |    11 |    55 |    74 |    42 ||   189
         Punch             |     1 |       |       |       |       ||     1
         War axe           |       |    44 |   250 |    61 |       ||   355
         Battleaxe         |       |       |       |   301 |   152 ||   453
         Broad axe         |       |       |       |    29 |     1 ||    30
 Invoke: Berserk           |       |     3 |     2 |     5 |     1 ||    11
         Trog's Hand       |       |       |       |       |     1 ||     1
    Use: Scroll            |     4 |     8 |    18 |     9 |       ||    39
         Potion            |       |     1 |     3 |     3 |     1 ||     8
   Stab: Petrified         |       |       |       |       |     6 ||     6
 Armour: Scale mail        |    43 |    29 |    66 |       |       ||   138
         Ring mail         |       |       |    30 |       |       ||    30
         Plate armour      |       |       |    49 |   269 |   327 ||   645
  Dodge: Dodged            |    58 |    47 |   177 |   185 |   108 ||   575
  Block: Buckler           |     7 |    11 |   179 |    66 |       ||   263
         Reflection        |       |       |     2 |     5 |       ||     7
         Other             |       |       |       |    94 |    40 ||   134

Table legend: (Time is in decaauts)
 A = Elapsed time spent in this place.
 B = Non-inter-level travel time spent in this place.
 C = Inter-level travel time spent in this place.
 D = Time resting spent in this place.
 E = Time spent auto-exploring this place.
 F = Levels seen in this place.
 G = Mean time per level.
                   A        B        C        D        E       F      G
               +--------+--------+--------+--------+--------+-----+--------+
         Total |  15328 |  14399 |    929 |     44 |  10631 |  18 |  851.6 |
       Dungeon |   9188 |   8598 |    590 |      0 |   6255 |  11 |  835.3 |
          Lair |   5033 |   4694 |    339 |      0 |   3788 |   5 | 1006.6 |
       Ossuary |    687 |    687 |      0 |     44 |    326 |   1 |  687.0 |
        Bailey |    419 |    419 |      0 |      0 |    262 |   1 |  419.0 |
               +--------+--------+--------+--------+--------+-----+--------+

Top non-repeatable levels by time:
  Lair:2: 1361 daAuts
  Lair:3: 1356 daAuts
  Lair:1: 1347 daAuts
    D:10: 1188 daAuts
     D:8: 1056 daAuts
    D:11: 1020 daAuts
     D:9: 948 daAuts
     D:6: 931 daAuts
  Lair:4: 866 daAuts
     D:1: 840 daAuts
     D:7: 824 daAuts
     D:2: 756 daAuts
     D:4: 714 daAuts
 Ossuary: 687 daAuts
     D:3: 467 daAuts
